[Event "XLIII Sevilla Open 2018"]
[Site "Sevilla"]
[Date "2018.01.18"]
[Round "7"]
[White "Martinez Martin, David"]
[Black "Hernandez Munoz, Antonio Ramon"]
[Result "1-0"]
[ECO "B23"]
[WhiteElo "2399"]
[BlackElo "2225"]
[Annotator "ChessBase"]
[PlyCount "95"]
[EventDate "2018.??.??"]
[EventType "swiss"]
[EventCountry "ESP"]
[SourceTitle "playchess.com"]
[Source "ChessBase"]
[SourceQuality "1"]
[TimeControl "5400+30"]

1. e4 c5 2. Nc3 a6 3. Nge2 d6 4. g3 Nf6 5. Bg2 e6 6. O-O Be7 7. d4 cxd4 8. Nxd4 O-O 9. b3 Bd7 10. Bb2 Nc6 11. Nce2 e5 12. Nxc6 Bxc6 13. Nc3 b5 14. Nd5 Nxd5 15. exd5 Bd7 16. f4 f6 17. Qd3 Qb6+ 18. Kh1 Rae8 19. Rad1 Bd8 20. fxe5 fxe5 21. Be4 g6 22. Bxg6 hxg6 23. Qxg6+ Kh8 24. Rf4 Rxf4 25. gxf4 Re6 26. Qh5+ Kg7 27. fxe5 dxe5 28. Rg1+ Kf8 29. Qh8+ Ke7 30. Bxe5 Be8 31. Rg7+ Bf7 32. Rxf7+ Kxf7 33. Qg7+ Ke8 34. Qg8+ Ke7 35. Qxe6+ Qxe6 36. dxe6 Kxe6 37. Bg3 Kd5 38. Kg2 Kd4 39. Be1 Ke3 40. Bf2+ Kd2 41. c4 Kc3 42. c5 Kb2 43. h4 Kxa2 44. h5 a5 45. h6 a4 46. bxa4 b4 47. Bd4 b3 48. h7 1-0